 Dungeon Crawl Stone Soup version 0.19.5 (webtiles) character file.

88501 Reinor the Unseen (level 15, -6/105 HPs)
             Began as a Vampire Enchanter on Apr 15, 2017.
             Was a Follower of Uskayaw.
             Killed from afar by a purple draconian (25 damage)
             ... with a bolt of dispelling energy
             ... in a wizard's laboratory on Apr 16, 2017.
             The game lasted 02:45:24 (26396 turns).

Reinor the Unseen (Vampire Enchanter)              Turns: 26396, Time: 02:45:28

Health: -6/105     AC:  0    Str:  7    XL:     15   Next: 46%
Magic:  23/25      EV: 33    Int: 23    God:    Uskayaw [*.....]
Gold:   2372       SH:  0    Dex: 21    Spells: 8 memorised, 1 level left

rFire  . . .     SeeInvis +     (weapon currently unavailable)
rCold  . . .     Gourm    .     (armour currently unavailable)
rNeg   + . .     Faith    .     (shield currently unavailable)
rPois  .         Spirit   .     (helmet currently unavailable)
rElec  .         Reflect  .     (cloak currently unavailable)
rCorr  .         Harm     .     (gloves currently unavailable)
MR     +....                    (boots currently unavailable)
Stlth  +++++++++.               (no amulet)
                                (ring currently unavailable)
                                (ring currently unavailable)

@: bat-form, flying, very quick
A: fangs 3, see invisible, (unbreathing)
a: End Transformation, Stomp, Renounce Religion


You were in a wizard's laboratory.
You worshipped Uskayaw.
Uskayaw was aware of your devotion.
You were not thirsty.
You were in vampire-bat-form.
You visited 6 branches of the dungeon, and saw 25 of its levels.
You also visited: Labyrinth, Bailey and Wizlab.

You collected 2372 gold pieces.

Inventory:

Hand Weapons
 c - a +1 vampiric dagger
 y - a +2 dagger of electrocution
 N - a +0 blowgun
 P - the +11 long sword of Wuihuig Usax (melded) {slice, rF+ rN+ MR+}
   (You found it on level 11 of the Dungeon)

   It inflicts extra damage upon your enemies.
   It protects you from fire.
   It protects you from negative energy.
   It affects your resistance to hostile enchantments.
Missiles
 p - 633 stones (quivered)
 x - 11 curare-tipped needles
Armour
 e - a +2 robe of positive energy (melded)
 I - a +2 pair of gloves (melded)
 O - a +2 cloak of magic resistance (melded)
Magical Staves
 g - an uncursed staff of air
 Y - an uncursed staff of wizardry
Jewellery
 i - an uncursed ring of resist corrosion
 l - an uncursed ring of fire
 C - the ring "Mojuly" (melded) {rF+ Dex+3}
   (You took it off an orc warrior in a bailey)

   [ring of protection from fire]

   It affects your dexterity (+3).
   It protects you from fire.
 G - the ring of Faemydgh (melded) {Str+4 Int+8 SInv}
   (You found it on level 12 of the Dungeon)

   [ring of strength]

   It affects your strength (+4).
   It affects your intelligence (+8).
   It lets you see invisible.
 K - an uncursed ring of protection from magic
 X - an uncursed ring of wizardry
Wands
 h - a wand of paralysis (23/24)
 m - a wand of acid (0/15)
 w - a wand of paralysis (13/24)
 D - a wand of disintegration (4/24)
 F - a wand of hasting (0/9)
 H - a wand of disintegration (12/24)
 S - a wand of hasting (2/9)
 T - a wand of digging (5/24)
 U - a wand of acid (0/15)
Scrolls
 a - 8 scrolls of remove curse
 o - 8 scrolls of enchant armour
 s - a scroll of vulnerability
 A - 12 scrolls of teleportation
 J - 3 scrolls of immolation
 L - a scroll of torment
 M - 2 scrolls of summoning
 Q - a scroll of recharging
Potions
 b - 3 potions of brilliance
 d - 14 potions of blood
 j - 4 potions of magic
 k - a potion of mutation
 n - 4 potions of flight
 q - a potion of cure mutation
 r - 5 potions of haste
 t - a potion of berserk rage {unknown}
 u - 3 potions of resistance
 E - 2 potions of agility
 R - 2 potions of might
 V - 2 potions of invisibility {unknown}
Books
 v - a Fen Folio

   Spells                             Type                      Level
   a - Corpse Rot                     Necromancy                   2
   b - Stone Arrow                    Conjuration/Earth            3
   c - Leda's Liquefaction            Hexes/Earth                  4
   d - Summon Forest                  Summoning/Translocation      5
   e - Hydra Form                     Transmutation                6
   f - Summon Hydra                   Summoning                    7
Miscellaneous
 Z - a lamp of fire (inert)


   Skills:
 - Level 6.0 Fighting
 + Level 10.3 Short Blades
 - Level 2.0 Throwing
 - Level 12.0 Dodging
 + Level 19.2 Stealth
 - Level 7.0 Spellcasting
 + Level 13.3 Hexes
 - Level 6.1 Transmutations
 - Level 3.0 Ice Magic
 - Level 10.0 Earth Magic
 + Level 9.2 Invocations


You had one spell level left.
You knew the following spells:

 Your Spells              Type           Power        Failure   Level  Hunger
a - Passwall              Tmut/Erth      #####.....   1%          2    None
b - Ensorcelled Hibernat  Hex/Ice        #####.       1%          2    None
c - Confuse               Hex            ######..     1%          3    None
d - Tukima's Dance        Hex            ######..     1%          3    None
e - Dazzling Spray        Conj/Hex       #####.       1%          3    None
f - Petrify               Tmut/Erth      #####...     3%          4    ###....
g - Yara's Violent Unrav  Hex/Tmut       ######....   6%          5    #####..
h - Lee's Rapid Deconstr  Erth           ######....   4%          5    #####..


Dungeon Overview and Level Annotations

Branches:
Dungeon (14/15)            Temple (1/1) D:6            Lair (6/6) D:11
 Shoals (0/4) Lair:3        Snake (1/4) Lair:3        Slime (0/5) Lair:5
    Orc (2/2) D:12            Elf (1/3) Orc:2        Vaults (0/5) D:13

Altars:
Ashenzari
Cheibriados
Dithmenos
Elyvilon
Fedhas
Gozag
Hepliaklqana
Kikubaaqudgha
Makhleb
Nemelex Xobeh
Okawaru
Qazlal
Ru
Sif Muna
Trog
Uskayaw
Vehumet
Xom
Yredelemnul
Zin
The Shining One
Beogh

Shops:
D:4 (   D:13 [   Elf:1 =

Annotations:
D:14 Sanvar's ghost, journeyman DsAK
Snake:1 EvilTwin's ghost, journeyman MiFi


Innate Abilities, Weirdness & Mutations

You have razor-sharp teeth.
You have supernaturally acute eyesight. (SInv)
((You can survive without breathing.))


Message History

Casting: Petrify
Confirm with . or Enter, or press ? or * to list all spells.
Aiming: Lee's Rapid Deconstruction
Press: ? - help, Dir - move target cursor, p - purple draconian
Okay, then.
Unknown command.
You turn into a vampire bat.
The +11 long sword of Wuihuig Usax {slice, rF+ rN+ MR+} melds into your body.
Your +2 cloak of magic resistance melds into your body.
Your +2 pair of gloves melds into your body.
Your +2 robe of positive energy melds into your body.
The ring of Faemydgh {Str+4 Int+8 SInv} melds into your body.
The ring "Mojuly" {rF+ Dex+3} melds into your body.
You feel less resistant to hostile enchantments.
You feel less protected from negative energy.
You feel weaker.
The purple draconian breathes dispelling energy at you.
The bolt of dispelling energy hits you!
Your magical effects are unravelling.
You die...

##############***
##§)#.#.#.#.#.#.**
##∩##§§.#.#.#.#.#.*
#.#§##§.#.......d.§
#.##.§.............
##b#§§........(....
#d##§§§............
##§....§.........#.
#.##...........#.#*
##.....d......###.,
#.#..........#.#,**
##.....(....#.#.#**
#.#......(.###.##**
##..........#,##*,,


You could see a purple draconian.

Vanquished Creatures
  Gastronok (D:12)
  Azrael (Orc:2)
  2 purple draconians (WizLab)
  Snorg (Orc:2)
  2 statues (WizLab)
  A minotaur (Lab)
  An ettin (Orc:1)
  8 vault guards (D:13)
  The ghost of Rozenbaumfricks the Carver, a journeyman DsFi (Orc:1)
  A naga warrior (Snake:1)
  An anaconda (Snake:1)
  A centaur warrior (D:14)
  4 catoblepae
  6 hydras
  A death knight (Orc:1)
  20 death yaks
  Sonja (Lair:3)
  A skeletal warrior (D:12)
  2 unseen horrors
  A wolf spider zombie (D:12)
  A harpy (shapeshifter) (D:11)
  4 hill giants
  4 orc knights (Bailey)
  2 ugly things (D:11)
  7 deep elf magi
  An orc sorcerer (Orc:1)
  4 cyclopes
  3 elephants (Lair:5)
  3 black mambas
  A guardian serpent (Snake:1)
  Maurice (Orc:2)
  2 torpor snails (Lair:5)
  17 spiny frogs
  3 rime drakes
  7 komodo dragons
  A yaktaur (shapeshifter) (D:13)
  3 trolls
  3 meliai (D:13)
  A polar bear (Lair:5)
  A hornet (D:10)
  A two-headed ogre (Orc:2)
  7 hippogriffs
  A dancing weapon (D:11)
  4 dream sheep (Lair:6)
  A meliai zombie (D:13)
  5 slime creatures
  A shadow (D:11)
  A vampire (D:12)
  A spriggan (D:8)
  A tarantella (shapeshifter) (D:11)
  7 wyverns
  46 yaks
  2 fire elementals (Orc:1)
  2 hungry ghosts (D:11)
  4 basilisks
  A mottled dragon (D:11)
  3 vampire mosquitoes (D:13)
  4 hell hounds
  3 nagas
  12 water moccasins
  Duvessa (D:7)
  13 porcupines
  A black bear (shapeshifter) (D:13)
  16 orc warriors
  A black bear (Lair:2)
  3 ice beasts
  4 sky beasts
  10 wolves
  12 ogres
  2 necrophages
  7 centaurs
  10 crocodiles
  2 big kobolds
  10 bullfrogs
  A wyvern zombie (D:11)
  Dowan (D:7)
  A water moccasin zombie (D:8)
  4 scorpions
  The ghost of Dwachs the Slasher, a weakling MiFi (D:3)
  5 killer bees
  2 howler monkeys (D:10)
  4 wights (D:11)
  An electric eel (Lair:3)
  4 crimson imps
  7 centaur zombies
  A bullfrog zombie (D:9)
  6 centaur skeletons
  7 hounds
  6 jellies
  11 orc priests
  A bullfrog skeleton (D:6)
  14 iguanas
  15 orc wizards
  7 worker ants
  A killer bee zombie (D:10)
  A worker ant zombie (D:9)
  11 gnolls
  13 adders
  A howler monkey skeleton (D:5)
  9 river rats
  4 shadow imps
  4 worms
  4 dart slugs
  9 leopard geckos
  71 orcs
  10 bats
  5 giant cockroaches
  9 goblins
  9 hobgoblins
  10 jackals
  19 kobolds
  8 quokkas
  4 ball pythons
  8 frilled lizards
  2 quokka skeletons
  A quokka zombie (D:7)
  13 rats
650 creatures vanquished.

Vanquished Creatures (collateral kills)
  An orc knight (Orc:1)
  4 nagas (Lair:3)
  2 orc warriors (Bailey)
  An ogre (D:13)
  7 orcs (Bailey)
15 creatures vanquished.

Vanquished Creatures (others)
  8 dancing weapons
  An orc priest (Orc:2)
  An orc wizard (Orc:2)
  12 fungi
  15 plants
37 creatures vanquished.

Grand Total: 702 creatures vanquished

Notes
Turn   | Place    | Note
-------+----------+-------------------------------------------
     0 | D:1      | Reinor the Vampire Enchanter began the quest for the Orb.
     0 | D:1      | Reached XP level 1. HP: 13/13 MP: 3/3
   599 | D:1      | Reached XP level 2. HP: 19/19 MP: 5/5
   928 | D:1      | Reached skill level 5 in Stealth
   995 | D:1      | Reached XP level 3. HP: 24/24 MP: 6/6
  1206 | D:2      | Learned a level 2 spell: Ensorcelled Hibernation
  1210 | D:2      | Learned a level 3 spell: Confuse
  1280 | D:2      | Reached skill level 5 in Hexes
  1469 | D:2      | Reached XP level 4. HP: 30/30 MP: 6/8
  2544 | D:3      | Noticed Dwachs's ghost (weakling MiFi)
  2673 | D:3      | Killed Dwachs's ghost
  2673 | D:3      | Reached skill level 6 in Stealth
  2673 | D:3      | Reached XP level 5. HP: 35/35 MP: 1/9
  2694 | D:3      | Learned a level 3 spell: Tukima's Dance
  3164 | D:3      | Found a glowing golden altar of the Shining One.
  3170 | D:3      | Found a deep blue altar of Sif Muna.
  3175 | D:3      | Found a sacrificial altar of Ru.
  3565 | D:3      | Reached XP level 6. HP: 34/41 MP: 10/10
  4145 | D:4      | Found a shattered altar of Ashenzari.
  4333 | D:4      | Reached skill level 7 in Stealth
  4344 | D:4      | Found an opulent altar of Gozag.
  4362 | D:4      | Found Gozag's Platinum Reserve.
  4784 | D:4      | Found Xanack's Weapon Boutique.
  4873 | D:5      | Entered Level 5 of the Dungeon
  5040 | D:5      | Reached XP level 7. HP: 39/46 MP: 12/12
  5317 | D:5      | Found a stormy altar of Qazlal.
  5771 | D:5      | Reached skill level 8 in Stealth
  6136 | D:5      | Reached skill level 5 in Short Blades
  6183 | D:6      | Reached XP level 8. HP: 52/52 MP: 11/14
  6211 | D:6      | Got a crude leather armour
  6222 | D:6      | Identified the +1 leather armour of Inference {Str+2} (You found it on level 6 of the Dungeon)
  6242 | D:6      | Learned a level 3 spell: Dazzling Spray
  6247 | D:6      | Learned a level 4 spell: Petrify
  6440 | D:6      | Found a staircase to the Ecumenical Temple.
  6449 | Temple   | Entered the Ecumenical Temple
  6578 | D:6      | Reached skill level 9 in Stealth
  6610 | D:6      | Reached skill level 5 in Spellcasting
  6627 | D:6      | Found a radiant altar of Vehumet.
  6627 | D:6      | Found a basalt altar of Yredelemnul.
  6859 | D:7      | Noticed Duvessa
  6906 | D:7      | Noticed Dowan
  6992 | D:7      | Killed Duvessa
  6996 | D:7      | Killed Dowan
  7052 | D:7      | Found a flagged portal.
  7072 | Bailey   | Entered a bailey
  7099 | Bailey   | Reached skill level 10 in Stealth
  7288 | Bailey   | Noticed an orc knight
  7290 | Bailey   | Noticed an orc knight
  7302 | Bailey   | Noticed an orc knight
  7303 | Bailey   | Noticed an orc knight
  7641 | Bailey   | Reached XP level 9. HP: 57/57 MP: 0/16
  7643 | Bailey   | Got a bound copper ring
  7660 | Bailey   | Identified the ring "Mojuly" {rF+ Dex+3} (You took it off an orc warrior in a bailey)
  7783 | Bailey   | Reached skill level 10 in Hexes
  7966 | Bailey   | Killed an orc knight
  7966 | Bailey   | Reached skill level 5 in Dodging
  7966 | Bailey   | Reached skill level 11 in Stealth
  7973 | Bailey   | Killed an orc knight
  7991 | Bailey   | Killed an orc knight
  8017 | Bailey   | Killed an orc knight
  8017 | Bailey   | Reached skill level 12 in Stealth
  8158 | D:7      | Reached XP level 10. HP: 63/63 MP: 15/17
  8403 | D:7      | Found a hide-covered altar of Uskayaw.
  8415 | D:7      | Became a worshipper of Uskayaw the Reveler
  8488 | D:8      | Reached * piety under Uskayaw
  8915 | D:8      | Reached ** piety under Uskayaw
  8995 | D:8      | Reached skill level 1 in Fighting
  8999 | D:8      | Reached skill level 1 in Transmutations
  9007 | D:8      | Reached *** piety under Uskayaw
  9008 | D:8      | Reached **** piety under Uskayaw
  9773 | D:9      | Found a snail-covered altar of Cheibriados.
  9931 | D:9      | Reached skill level 13 in Stealth
 10164 | D:9      | Found a glowing silver altar of Zin.
 10297 | D:10     | Entered Level 10 of the Dungeon
 10631 | D:10     | Noticed a hill giant
 10646 | D:10     | Killed a hill giant
 11058 | D:10     | Reached XP level 11. HP: 75/75 MP: 18/18
 11162 | D:10     | Found a hazy altar of Hepliaklqana.
 11299 | D:11     | Noticed a white ugly thing
 11306 | D:11     | Killed a white ugly thing
 11383 | D:11     | Noticed an unseen horror
 11391 | D:11     | Killed an unseen horror
 11391 | D:11     | Reached skill level 1 in Earth Magic
 11436 | D:11     | Found a staircase to the Lair.
 11446 | D:11     | Reached skill level 14 in Stealth
 11503 | D:11     | Reached ***** piety under Uskayaw
 11857 | D:11     | Noticed a harpy
 11860 | D:11     | Killed a harpy
 12123 | D:11     | Noticed a hill giant
 12139 | D:11     | Killed a hill giant
 12139 | D:11     | Reached skill level 1 in Invocations
 12335 | D:11     | Noticed a fire crab
 12336 | D:11     | a fire crab changed into a tarantella
 12358 | D:11     | Noticed a hill giant
 12368 | D:11     | Killed a hill giant
 12475 | D:11     | Noticed a purple ugly thing
 12482 | D:11     | Killed a purple ugly thing
 12564 | D:11     | Got a bone long sword
 12565 | D:11     | Identified the +11 long sword of Wuihuig Usax {slice, rF+ rN+ MR+} (You found it on level 11 of the Dungeon)
 13336 | D:12     | Reached XP level 12. HP: 66/83 MP: 16/19
 13410 | D:12     | Got a crude silver ring
 13412 | D:12     | Identified the ring of Faemydgh {Str+4 Int+8 SInv} (You found it on level 12 of the Dungeon)
 13435 | D:12     | Reached skill level 15 in Stealth
 13464 | D:12     | Reached skill level 10 in Dodging
 13510 | D:12     | Noticed Gastronok
 13536 | D:12     | Found a shadowy altar of Dithmenos.
 13575 | D:12     | Killed Gastronok
 13575 | D:12     | Reached skill level 5 in Earth Magic
 14112 | D:12     | Found a staircase to the Orcish Mines.
 14221 | D:12     | Learned a level 5 spell: Yara's Violent Unravelling
 14255 | D:13     | Noticed a vault guard
 14256 | D:13     | Noticed a vault guard
 14270 | D:13     | Noticed a catoblepas
 14279 | D:13     | Killed a catoblepas
 14336 | D:13     | Reached skill level 5 in Transmutations
 14446 | D:13     | Found Noxkack's Antique Armour Boutique.
 14645 | D:13     | Found a gate to the Vaults.
 14645 | D:13     | Noticed a vault guard
 14645 | D:13     | Noticed a vault guard
 14645 | D:13     | Noticed a vault guard
 14645 | D:13     | Noticed a vault guard
 14645 | D:13     | Noticed a vault guard
 14646 | D:13     | Noticed a vault guard
 14649 | D:13     | Killed a vault guard
 14649 | D:13     | Reached skill level 16 in Stealth
 14650 | D:13     | Killed a vault guard
 14650 | D:13     | Reached skill level 5 in Invocations
 14651 | D:13     | Killed a vault guard
 14657 | D:13     | Killed a vault guard
 14661 | D:13     | Killed a vault guard
 14661 | D:13     | Killed a vault guard
 14661 | D:13     | Reached XP level 13. HP: 73/88 MP: 8/20
 15833 | D:14     | HP: 1/88 [centaur (7)]
 16135 | D:14     | Found a hide-covered altar of Uskayaw.
 16560 | D:14     | Noticed Sanvar's ghost (journeyman DsAK)
 16654 | Lair:1   | Entered Level 1 of the Lair of Beasts
 16856 | Lair:1   | Reached skill level 17 in Stealth
 17417 | Lair:2   | Reached skill level 10 in Short Blades
 18096 | Lair:3   | Found a staircase to the Snake Pit.
 18164 | Lair:3   | Reached skill level 5 in Fighting
 18230 | Lair:3   | Noticed Sonja
 18237 | Lair:3   | Killed Sonja
 18604 | Lair:3   | Found a staircase to the Shoals.
 18850 | Lair:4   | Reached skill level 1 in Throwing
 19406 | Lair:5   | Reached XP level 14. HP: 98/98 MP: 22/22
 19465 | Lair:5   | Found a staircase to the Slime Pits.
 20546 | Lair:5   | Reached skill level 18 in Stealth
 20789 | Lair:6   | Entered Level 6 of the Lair of Beasts
 23160 | Lair:6   | Reached XP level 15. HP: 105/105 MP: 18/25
 23323 | Snake:1  | Entered Level 1 of the Snake Pit
 23328 | Snake:1  | Noticed EvilTwin's ghost (journeyman MiFi)
 23330 | Snake:1  | Reached skill level 10 in Earth Magic
 23456 | Orc:1    | Entered Level 1 of the Orcish Mines
 23456 | Orc:1    | Noticed Rozenbaumfricks's ghost (journeyman DsFi)
 23512 | Orc:1    | Killed Rozenbaumfricks's ghost
 23512 | Orc:1    | Reached skill level 1 in Ice Magic
 23709 | Orc:1    | Found a roughly hewn altar of Beogh.
 23990 | Orc:2    | Entered Level 2 of the Orcish Mines
 23990 | Orc:2    | Found a labyrinth entrance.
 24000 | Lab      | Entered a labyrinth
 24525 | Lab      | Identified the Reference Book on Arcane Weapons
 24525 | Lab      | Identified the Incunabulum of Heat and Feathers
 24543 | Lab      | Learned a level 2 spell: Passwall
 24550 | Lab      | Learned a level 5 spell: Lee's Rapid Deconstruction
 24925 | Orc:2    | Noticed Snorg
 24941 | Orc:2    | Killed Snorg
 25020 | Orc:1    | Reached skill level 19 in Stealth
 25124 | Orc:1    | Found a roughly hewn altar of Beogh.
 25198 | Orc:2    | Found a staircase to the Elven Halls.
 25230 | Orc:2    | Noticed Maurice
 25232 | Orc:2    | Noticed Azrael
 25542 | Orc:2    | Killed Maurice
 25739 | Orc:2    | Killed Azrael
 25759 | Elf:1    | Entered Level 1 of the Elven Halls
 25817 | Elf:1    | Found Deosagg's Jewellery Shoppe.
 25883 | Elf:1    | Found a magical portal.
 25892 | WizLab   | Entered Iskenderun's Mystic Tower
 26396 | WizLab   | Killed from afar by a purple draconian

Skill      XL: |  1  2  3  4  5  6  7  8  9 10 11 12 13 14 15 |
---------------+----------------------------------------------+-----
Stealth        | 5 6 7 8 10 12 13 14 16 17 18 19 | 19.2
Short Blades   | 2 3 4 5 6 8 9 10 | 10.3
Hexes          | 5 6 7 8 9 11 12 13 | 13.3
Spellcasting   | 3 4 5 7 |  7.0
Dodging        | 4 7 8 9 10 11 12 | 12.0
Fighting       | 3 4 5 6 |  6.0
Transmutations | 3 4 6 |  6.1
Earth Magic    | 4 6 8 9 10 | 10.0
Invocations    | 2 5 7 8 9 |  9.2
Throwing       | 1 2 |  2.0
Ice Magic      | 3 |  3.0

Action                   |  1- 3 |  4- 6 |  7- 9 | 10-12 | 13-15 || total
-------------------------+-------+-------+-------+-------+-------++-------
Melee: Dagger            |   114 |   226 |   152 |   579 |   523 ||  1594
       Bite              |     3 |    15 |     9 |    55 |    59 ||   141
       Unarmed           |       |       |       |       |     1 ||     1
       Long sword        |       |       |       |       |    10 ||    10
Throw: Stone             |       |     2 |    12 |     6 |    12 ||    32
 Cast: Ensorcelled Hiber |       |    37 |    35 |    37 |   120 ||   229
       Confuse           |       |     6 |    19 |    19 |    17 ||    61
       Tukima's Dance    |       |       |    20 |     4 |     7 ||    31
       Dazzling Spray    |       |       |    11 |    13 |   106 ||   130
       Petrify           |       |       |       |     1 |    26 ||    27
       Yara's Violent Un |       |       |       |       |     4 ||     4
       Lee's Rapid Decon |       |       |       |       |    15 ||    15
       Passwall          |       |       |       |       |     5 ||     5
Invok: Line Pass         |       |       |       |     2 |     2 ||     4
 Abil: Bat Form          |       |       |     2 |     3 |     6 ||    11
       End Transformatio |       |       |     2 |     3 |     5 ||    10
Evoke: Wand              |       |       |     6 |     1 |     9 ||    16
       Lamp of fire      |       |       |       |       |     1 ||     1
  Use: Potion            |       |     9 |     5 |    15 |    28 ||    57
       Scroll            |       |     8 |     4 |     8 |    13 ||    33
 Stab: Sleeping          |    16 |    36 |    35 |    80 |   123 ||   290
       Confused          |       |     3 |     7 |    15 |    15 ||    40
       Distracted        |       |     4 |       |     3 |     3 ||    10
       Paralysed         |       |       |     2 |    16 |    32 ||    50
       Invisible         |       |       |       |     3 |    22 ||    25
       Petrified         |       |       |       |     1 |    11 ||    12
       Petrifying        |       |       |       |       |     2 ||     2
Armor: Robe              |    22 |    41 |    17 |       |    15 ||    95
       Leather armour    |       |       |    10 |   105 |    74 ||   189
Dodge: Dodged            |    64 |   117 |    79 |   360 |   468 ||  1088
       Rpst.: Long sword |       |       |       |       |     5 ||     5
